[Event "Titled Tuesday Blitz October 5 2021"]
[White "Vinod, Kumar Sharma"]
[Black "Katz, Alexander"]
[WhiteFideId "5013518"]
[BlackFideId "2039796"]
[WhiteElo "2405"]
[BlackElo "2371"]
[Result "0-1"]
[Round "01"]
[TimeControl "180+1"]
[Date "2021.10.05"]
[WhiteClock "0:00:12"]
[BlackClock "0:00:19"]

1. e4 e5 2. Nf3 Nc6 3. Bb5 a6 4. Ba4 Nge7 5. O-O d6 6. c3 Bd7 7. d4 Ng6 8. Re1 Be7 9. Nbd2 O-O 10. Nf1 Bg4 11. Ng3 Nh4 12. Bxc6 bxc6 13. Qd3 Bxf3 14. gxf3 Qd7 15. Nf5 Nxf5 16. exf5 exd4 17. cxd4 Bf6 18. Bd2 Rfe8 19. Bc3 g6 20. fxg6 hxg6 21. f4 Qg4+ 22. Qg3 Qf5 23. Re3 Kg7 24. Rae1 Rh8 25. h3 Rh4 26. Kg2 Rxf4 27. Rf3 Rxf3 28. Qxf3 Qg5+ 29. Qg3 Qd5+ 30. Qf3 Qxa2 31. Qxc6 Rh8 32. d5 Rh5 33. Bxf6+ Kxf6 34. Qc3+ Kg5 35. Qe3+ Kf6 36. Qc3+ Re5 37. f4 Qxd5+ 38. Kg3 g5 39. fxe5+ dxe5 40. Rf1+ Kg6 41. Qxc7 f5 42. Qc3 f4+ 43. Kh2 e4 44. Rf2 e3 45. Rg2 f3 46. Rg3 f2 47. Qxe3 f1=Q 48. Qe8+ Qff7 49. Qxf7+ Qxf7 0-1


[Site "https://www.chess.com"]

[Event "Titled Tuesday Blitz October 5 2021"]
[White "Vivas Zamora, Fabian Ernesto"]
[Black "Wagner, Dennis"]
[WhiteFideId "3902480"]
[BlackFideId "24650684"]
[WhiteElo "1966"]
[BlackElo "2355"]
[Result "0-1"]
[Round "01"]
[TimeControl "180+1"]
[Date "2021.10.05"]
[WhiteClock "0:00:01"]
[BlackClock "0:00:38"]

1. c4 e5 2. Nc3 Bb4 3. Nf3 Bxc3 4. bxc3 d6 5. e4 Nc6 6. d4 Nge7 7. Be2 O-O 8. O-O b6 9. a4 Bb7 10. Ba3 Ng6 11. Ne1 Re8 12. Rb1 exd4 13. cxd4 Rxe4 14. Nc2 Nh4 15. Bd3 Rf4 16. g3 Nf3+ 17. Kg2 Ncxd4 18. gxf4 Qh4 19. Rh1 Nxh2+ 20. f3 Bxf3+ 21. Qxf3 Ndxf3 22. Ne3 Re8 23. Nf5 Qg4+ 0-1


[Site "https://www.chess.com"]

[Event "Titled Tuesday Blitz October 5 2021"]
[White "Vovk, Orest"]
[Black "Drygalov, Andrey"]
[WhiteFideId "14113490"]
[BlackFideId "24171735"]
[WhiteElo "2203"]
[BlackElo "2544"]
[Result "1-0"]
[Round "01"]
[TimeControl "180+1"]
[Date "2021.10.05"]
[WhiteClock "0:00:08"]
[BlackClock "0:00:37"]

1. h3 d5 2. e4 dxe4 3. Nc3 Nf6 4. Qe2 g6 5. Nxe4 Nxe4 6. Qxe4 Bg7 7. Qd3 Nd7 8. Nf3 O-O 9. Be2 e5 10. O-O Qe7 11. Qe3 Re8 12. d3 Nb6 13. Nd2 Nd5 14. Qf3 Nf4 15. Nc4 Nxe2+ 16. Qxe2 Be6 17. Ne3 f5 18. Bd2 h5 19. Bc3 Rf8 20. Nc4 Bxc4 21. dxc4 e4 22. Bxg7 Kxg7 23. Rad1 Rad8 24. Qe3 b6 25. Rd4 Rxd4 26. Qxd4+ Qf6 27. Rd1 Qxd4 28. Rxd4 Kf6 29. c5 Rf7 30. cxb6 axb6 31. c4 Ke5 32. Rd5+ Ke6 33. Kf1 c6 34. Rd8 Ra7 35. a3 Ra4 36. Rb8 Rxc4 37. Rxb6 f4 38. a4 Kd5 39. a5 Ra4 40. b4 Ra1+ 41. Ke2 Ra2+ 42. Ke1 g5 43. b5 Rxa5 44. bxc6 Rc5 45. c7 Rxc7 46. Rg6 Kd4 47. Rxg5 e3 48. fxe3+ Kxe3 49. Re5+ Kd4 50. Rxh5 Rc2 51. Kf1 Ke3 52. Re5+ Kd4 53. Re2 Rc1+ 54. Kf2 Rh1 55. Kf3 Kd3 56. Rf2 Re1 57. Kxf4 Re8 58. h4 Rf8+ 59. Kg3 Rg8+ 60. Kh3 Ke3 61. Rf7 Ke4 62. h5 Ke5 63. g4 Ke6 64. Rf3 1-0


[Site "https://www.chess.com"]

[Event "Titled Tuesday Blitz October 5 2021"]
[White "Vusatiuk, Vladimir"]
[Black "Karacsonyi, Gellert"]
[WhiteFideId "14118610"]
[BlackFideId "764620"]
[WhiteElo "2167"]
[BlackElo "2215"]
[Result "0-1"]
[Round "01"]
[TimeControl "180+1"]
[Date "2021.10.05"]
[WhiteClock "0:00:04"]
[BlackClock "0:00:40"]

1. d4 Nf6 2. c4 e6 3. Nc3 Bb4 4. e3 O-O 5. Bd3 c5 6. Nf3 d5 7. O-O dxc4 8. Bxc4 cxd4 9. exd4 b6 10. Bg5 Bb7 11. Qb3 Be7 12. Rad1 Nc6 13. Be2 Nd5 14. Nxd5 Bxg5 15. Nxg5 Qxg5 16. Ne3 Rad8 17. Qa4 Rd7 18. Bf3 b5 19. h4 bxa4 20. hxg5 Nxd4 21. Bxb7 Ne2+ 22. Kh2 Rxb7 23. Rd2 Nf4 24. Rd4 e5 25. Rxa4 f6 26. g3 Nd3 27. gxf6 Rxf6 28. Ng4 Rg6 29. b3 h5 30. Ne3 Rf7 31. Kg2 Nc5 32. Rc4 Ne6 33. Rd1 Kh7 34. Rc8 Nd4 35. Nc4 Rgf6 36. Nxe5 Rxf2+ 37. Kh3 Re7 38. Rxd4 Rxe5 39. Rdd8 Ree2 40. Rh8+ Kg6 41. Rc6+ Kf7 42. Rxh5 Rxa2 43. Rc7+ Kg6 44. Rd5 Rf6 45. Rdd7 Kf5 46. Rxg7 Rh6# 0-1


[Site "https://www.chess.com"]

[Event "Titled Tuesday Blitz October 5 2021"]
[White "Warmerdam, Max"]
[Black "Chernomordik, Pavel"]
[WhiteFideId "1048104"]
[BlackFideId "2804530"]
[WhiteElo "2537"]
[BlackElo "2281"]
[Result "1-0"]
[Round "01"]
[TimeControl "180+1"]
[Date "2021.10.05"]
[WhiteClock "0:00:53"]
[BlackClock "0:00:02"]

1. e4 g6 2. d4 Bg7 3. Nf3 d6 4. Bd3 c5 5. c3 Bg4 6. Be3 Bxf3 7. Qxf3 cxd4 8. Bxd4 Bxd4 9. cxd4 Qb6 10. Nc3 Qxb2 11. O-O Nc6 12. Bc4 Nf6 13. Rab1 Qa3 14. Rxb7 O-O 15. Rd1 Rab8 16. Rxb8 Rxb8 17. e5 d5 18. Bb3 Ne8 19. Nxd5 e6 20. Nf6+ Nxf6 21. exf6 Qd6 22. g3 Nxd4 23. Qe3 e5 24. f4 Re8 25. fxe5 Rxe5 26. Qxd4 Re1+ 27. Kf2 Rxd1 28. Qxd1 Qxf6+ 29. Qf3 Qd4+ 30. Kg2 Kg7 31. Qxf7+ 1-0


[Site "https://www.chess.com"]

[Event "Titled Tuesday Blitz October 5 2021"]
[White "Yakubboev, Nodirbek"]
[Black "Grunberg, Mihai-Lucian"]
[WhiteFideId "14203987"]
[BlackFideId "1204149"]
[WhiteElo "2464"]
[BlackElo "2364"]
[Result "1-0"]
[Round "01"]
[TimeControl "180+1"]
[Date "2021.10.05"]
[WhiteClock "0:00:09"]
[BlackClock "0:00:03"]

1. e4 Nf6 2. e5 Nd5 3. c4 Nb6 4. d4 d6 5. exd6 cxd6 6. Nc3 g6 7. Be3 Bg7 8. Rc1 O-O 9. b3 e5 10. dxe5 dxe5 11. Nf3 Nc6 12. Be2 Bg4 13. c5 Nd7 14. O-O Re8 15. h3 Bxf3 16. Bxf3 Rb8 17. Nb5 e4 18. Be2 Nde5 19. Nd6 Re7 20. a3 Rd7 21. Qd5 Nd3 22. Bxd3 exd3 23. Qxd3 Bb2 24. b4 Bxc1 25. Rxc1 Qf6 26. b5 Ne5 27. Qe4 Qe6 28. f4 Rxd6 29. cxd6 Nd7 30. Qxe6 fxe6 31. Rc7 Nf6 32. Bxa7 Rd8 33. Rxb7 Rxd6 34. a4 Ne4 35. a5 h5 36. Kf1 h4 37. Ke2 Nc3+ 38. Ke3 Rd5 39. Bd4 Nxb5 40. Be5 Na3 41. a6 Nc4+ 42. Ke4 Nxe5 43. fxe5 Ra5 44. a7 1-0


[Site "https://www.chess.com"]

[Event "Titled Tuesday Blitz October 5 2021"]
[White "Zhigalko, Sergei"]
[Black "Devaev, Alexander"]
[WhiteFideId "13502956"]
[BlackFideId "4169395"]
[WhiteElo "2662"]
[BlackElo "2185"]
[Result "1-0"]
[Round "01"]
[TimeControl "180+1"]
[Date "2021.10.05"]
[WhiteClock "0:00:08"]
[BlackClock "0:00:11"]

1. e4 c6 2. d4 d5 3. e5 Bf5 4. Nf3 e6 5. Be2 Nd7 6. O-O Be7 7. Nbd2 Bg6 8. a4 a5 9. Nb3 Nh6 10. Ne1 O-O 11. Nd3 b6 12. Nf4 c5 13. c3 Nf5 14. Bb5 Qc7 15. g3 Nh6 16. h4 Bf5 17. Re1 Rad8 18. Bd2 Nb8 19. Nh5 Bg6 20. Nf4 Bf5 21. Nh5 c4 22. Nc1 Bg4 23. f3 Bxh5 24. g4 Bg6 25. h5 Bd3 26. Nxd3 cxd3 27. Bxd3 Nc6 28. Qc2 Kh8 29. Bxh7 g6 30. hxg6 Nxd4 31. Qd3 Nxf3+ 32. Qxf3 fxg6 33. Qh3 Kxh7 34. Qxh6+ Kg8 35. Qxg6+ Kh8 36. Kg2 Bh4 37. Be3 Qh7 38. Qxh7+ Kxh7 39. Rh1 Kg6 40. Rxh4 d4 41. cxd4 Rc8 42. Rah1 Rc2+ 43. Kg3 Rg8 44. Rh7 1-0


[Site "https://www.chess.com"]

[Event "Titled Tuesday Blitz October 5 2021"]
[White "Aditya Mittal"]
[Black "Lopez Del Alamo, Antonio"]
[WhiteFideId "35042025"]
[BlackFideId "2227339"]
[WhiteElo "2245"]
[BlackElo "2082"]
[Result "1-0"]
[Round "02"]
[TimeControl "180+1"]
[Date "2021.10.05"]
[WhiteClock "0:00:04"]
[BlackClock "0:00:07"]

1. c4 Nf6 2. Nc3 g6 3. e4 d6 4. d4 Bg7 5. Be2 O-O 6. Be3 e5 7. d5 c6 8. g4 cxd5 9. cxd5 Na6 10. h4 Nc5 11. f3 a6 12. h5 b5 13. b4 Na4 14. Nxa4 bxa4 15. Qxa4 Bd7 16. Qb3 Bb5 17. a4 Bxe2 18. Nxe2 Qd7 19. Kf2 Rfb8 20. Nc3 Bf8 21. b5 Be7 22. Rag1 Bd8 23. b6 a5 24. Rb1 Nxg4+ 25. fxg4 Qxg4 26. Qd1 Bh4+ 27. Kf1 Qg3 28. Qe2 Rc8 29. Nd1 Rab8 30. Bf2 Qa3 31. Rxh4 Qxa4 32. hxg6 fxg6 33. Kg2 Rb7 34. Qa6 Rcb8 35. Qd3 Rf7 36. Nc3 Qa3 37. Qe3 Rbf8 38. Rf1 Qb2 39. Ne2 a4 40. Rh2 a3 41. Kg3 a2 42. Nc3 a1=Q 43. Rxa1 Qxa1 44. Nb5 Qa2 45. Nxd6 Rf3+ 46. Qxf3 Rxf3+ 47. Kxf3 Qa3+ 48. Be3 Qxd6 49. Rc2 Qb8 50. Rc7 Qf8+ 51. Ke2 Qb4 52. b7 Qb1 53. Rc8+ Kg7 54. b8=Q Qc2+ 55. Rxc2 1-0


[Site "https://www.chess.com"]

[Event "Titled Tuesday Blitz October 5 2021"]
[White "Aloma Vidal, Robert"]
[Black "Nagy, Gabor"]
[WhiteFideId "2260409"]
[BlackFideId "737119"]
[WhiteElo "2435"]
[BlackElo "2534"]
[Result "0-1"]
[Round "02"]
[TimeControl "180+1"]
[Date "2021.10.05"]
[WhiteClock "0:00:05"]
[BlackClock "0:01:00"]

1. e4 c5 2. c3 g6 3. d4 cxd4 4. cxd4 d5 5. e5 Nc6 6. h3 Bg7 7. Bb5 f6 8. Nf3 Nh6 9. exf6 exf6 10. O-O O-O 11. Nc3 Nf5 12. Ba4 Be6 13. Re1 Bf7 14. Bb3 Na5 15. Bc2 Nd6 16. Bf4 Rc8 17. Bd3 Nac4 18. Qb3 a6 19. Re2 b5 20. Rae1 f5 21. a4 bxa4 22. Nxa4 Ne4 23. Qa2 g5 24. Bh2 g4 25. Ne5 g3 26. Bxg3 Nxg3 27. fxg3 Nxe5 28. dxe5 Be6 29. b3 Qg5 30. Kh2 f4 31. gxf4 Rxf4 32. Bxa6 Rcf8 33. Nc5 Bxh3 34. e6 Bg4 35. e7 Bxe2 36. exf8=Q+ Bxf8 37. Qxe2 Qh4+ 38. Kg1 Bxc5+ 0-1


[Site "https://www.chess.com"]

[Event "Titled Tuesday Blitz October 5 2021"]
[White "Andreikin, Dmitry"]
[Black "Bykov, Egor"]
[WhiteFideId "4158814"]
[BlackFideId "34115290"]
[WhiteElo "2736"]
[BlackElo "2221"]
[Result "1/2-1/2"]
[Round "02"]
[TimeControl "180+1"]
[Date "2021.10.05"]
[WhiteClock "0:00:30"]
[BlackClock "0:00:09"]

1. e4 e5 2. Nf3 Nc6 3. Bb5 a6 4. Ba4 Nf6 5. O-O Be7 6. Re1 b5 7. Bb3 d6 8. c3 O-O 9. d4 Bb7 10. Nbd2 Re8 11. Ng5 Rf8 12. Ngf3 Re8 13. Nf1 exd4 14. cxd4 Na5 15. Bc2 Nd7 16. Ng3 g6 17. b3 Bf6 18. h4 c5 19. Bg5 Nc6 20. dxc5 Nxc5 21. Qd2 Ne5 22. Nd4 Ne6 23. Nxe6 Rxe6 24. Rad1 Rc8 25. Bb1 h5 26. Ne2 Ng4 27. Nf4 Re8 28. Nh3 Bxg5 29. Nxg5 Qf6 30. f3 Ne5 31. Qxd6 Qf4 32. Qb6 Qxh4 33. Nxf7 Nxf3+ 34. gxf3 Qg3+ 35. Kf1 Qxf3+ 36. Qf2 Qxf7 37. Rd6 Rc6 38. Red1 Qxf2+ 39. Kxf2 Rxd6 40. Rxd6 Kf7 41. e5 Rxe5 42. Rd7+ Re7 43. Bxg6+ Kf6 44. Rxe7 Kxe7 45. Bxh5 Kd6 46. b4 Ke5 47. Ke3 Kd6 48. Kd4 Kc7 49. Kc5 Bg2 50. a3 Bh1 51. Bg4 Bg2 52. Bf5 Bh1 53. Be6 Bg2 54. Bb3 Bh1 55. Bd5 Bxd5 56. Kxd5 Kb6 57. Kd6 a5 58. Kd7 axb4 59. axb4 Kb7 60. Kd6 Kb6 61. Kd5 Kb7 62. Kc5 Kc8 63. Kxb5 Kb7 64. Kc5 Kc7 65. Kb5 Kb7 66. Ka5 Ka7 67. b5 Kb7 68. b6 Kb8 69. Kb5 Kb7 70. Kc5 Kb8 71. Kc6 Kc8 72. b7+ Kb8 73. Kb6 1/2-1/2


[Site "https://www.chess.com"]

[Event "Titled Tuesday Blitz October 5 2021"]
[White "Ansh M Shah"]
[Black "Quintiliano Pinto, Renato R."]
[WhiteFideId "25033379"]
[BlackFideId "2117568"]
[WhiteElo "1819"]
[BlackElo "2439"]
[Result "0-1"]
[Round "02"]
[TimeControl "180+1"]
[Date "2021.10.05"]
[WhiteClock "0:01:44"]
[BlackClock "0:00:55"]

1. d4 d5 2. c4 e6 3. Nc3 Nf6 4. Nf3 c6 5. e3 Nbd7 6. Bd3 dxc4 7. Bxc4 b5 8. Bd3 b4 9. Na4 c5 10. dxc5 Nxc5 11. Bb5+ Bd7 12. Bxd7+ Ncxd7 13. O-O Be7 14. b3 O-O 15. Bb2 Rc8 16. Rc1 Qa5 17. Qe2 Nd5 18. Nd4 Nc5 19. Nxc5 Bxc5 20. Ba1 Nc3 21. Bxc3 bxc3 22. Rfd1 Rfd8 23. Qc2 Bxd4 24. Rxd4 Rxd4 25. exd4 g6 26. g3 Qa3 27. Kg2 h5 28. h4 Rc7 29. Qd3 Qxc1 0-1


[Site "https://www.chess.com"]

[Event "Titled Tuesday Blitz October 5 2021"]
[White "Arias, Juan Cruz"]
[Black "Makarian, Rudik"]
[WhiteFideId "118540"]
[BlackFideId "44105681"]
[WhiteElo "2083"]
[BlackElo "2480"]
[Result "0-1"]
[Round "02"]
[TimeControl "180+1"]
[Date "2021.10.05"]
[WhiteClock "0:00:11"]
[BlackClock "0:00:52"]

1. d4 Nf6 2. Nf3 e6 3. e3 c5 4. Bd3 b6 5. O-O Bb7 6. c4 cxd4 7. exd4 h6 8. Nc3 Bb4 9. d5 O-O 10. Bc2 Bxc3 11. bxc3 Na6 12. Nd4 Nc5 13. Qf3 exd5 14. cxd5 Bxd5 15. Qg3 Nce4 16. Qh3 Rc8 17. Bxe4 Bxe4 18. Qg3 Bg6 19. Ba3 Ne4 20. Qg4 Re8 21. Rfe1 Nxc3 22. Bb2 Ne4 23. h4 Nf6 24. Qf3 d5 25. Nb5 Re4 26. Qg3 Rc2 27. Ba3 Rg4 28. Qf3 Be4 29. Rxe4 dxe4 30. Qb3 Rxf2 31. Kxf2 Qd2+ 32. Kf1 e3 0-1


[Site "https://www.chess.com"]

[Event "Titled Tuesday Blitz October 5 2021"]
[White "Aslanov, Umid"]
[Black "Gelman, Alexander"]
[WhiteFideId "13412620"]
[BlackFideId "4118316"]
[WhiteElo "1796"]
[BlackElo "2375"]
[Result "1-0"]
[Round "02"]
[TimeControl "180+1"]
[Date "2021.10.05"]
[WhiteClock "0:01:00"]
[BlackClock "0:00:08"]

1. e4 c5 2. Nf3 e6 3. d4 cxd4 4. Nxd4 a6 5. Bd3 d6 6. O-O Nf6 7. Qe2 Bd7 8. c4 Nc6 9. Nxc6 Bxc6 10. Nc3 Be7 11. f4 O-O 12. e5 dxe5 13. fxe5 Ng4 14. Bxh7+ Kxh7 15. Qxg4 Qd3 16. Bg5 Bxg5 17. Qxg5 Qxc4 18. Rf4 Qc5+ 19. Kh1 f5 20. Re1 Kg8 21. Qg6 Qe7 22. Ne2 Be8 23. Qg3 Rd8 24. Rh4 Rd4 25. Nxd4 1-0


[Site "https://www.chess.com"]

[Event "Titled Tuesday Blitz October 5 2021"]
[White "Atabayev, Saparmyrat"]
[Black "Sawyer, Bradley"]
[WhiteFideId "14000571"]
[BlackFideId "2023784"]
[WhiteElo "2483"]
[BlackElo "2345"]
[Result "1-0"]
[Round "02"]
[TimeControl "180+1"]
[Date "2021.10.05"]
[WhiteClock "0:01:39"]
[BlackClock "0:00:15"]

1. e4 c5 2. Nf3 d6 3. Nc3 Nf6 4. d4 cxd4 5. Nxd4 a6 6. Bg5 e6 7. f4 Be7 8. Qf3 Qc7 9. O-O-O Nbd7 10. g4 h6 11. Bxf6 Bxf6 12. h4 b5 13. Bxb5 axb5 14. Ndxb5 Qb6 15. Nxd6+ Ke7 16. e5 Rb8 17. exf6+ Nxf6 18. Nc4 Qb4 19. Qc6 Bd7 20. Rxd7+ Nxd7 21. Re1 Qb7 22. Qd6+ Kd8 23. Na5 Qxb2+ 24. Kd2 Rb6 25. Nc6+ Kc8 26. Na4 Qb5 27. Nxb6+ Qxb6 28. Re3 Qc5 29. Qxc5 Nxc5 30. Ne5 Rd8+ 31. Ke2 f6 32. Rc3 fxe5 33. Rxc5+ Kd7 34. Rxe5 Ra8 35. Rb5 Rxa2 36. Rb7+ Kd6 37. Rxg7 Rxc2+ 38. Ke3 Rc3+ 39. Kd4 Rf3 40. Ke4 Ra3 41. Rg6 Ra4+ 42. Ke3 Ra3+ 43. Kd2 Ke7 44. Rxh6 Ra2+ 45. Ke3 Ra3+ 46. Kd2 Ra2+ 47. Kc3 Ra4 48. Rh7+ Kf6 49. g5+ Kg6 50. Rh6+ Kg7 51. Rf6 e5 52. fxe5 Rxh4 53. e6 Re4 54. Kd3 Re1 55. Kd4 Kg8 56. Kd5 Rd1+ 57. Kc6 Rc1+ 58. Kd7 Rd1+ 59. Ke8 Rg1 60. e7 Rxg5 61. Kd7 Rd5+ 62. Rd6 Rxd6+ 63. Kxd6 Kf7 64. Kd7 1-0


[Site "https://www.chess.com"]

[Event "Titled Tuesday Blitz October 5 2021"]
[White "Avila Pavas, Santiago"]
[Black "Kanyamarala, Trisha"]
[WhiteFideId "4437128"]
[BlackFideId "45004722"]
[WhiteElo "2292"]
[BlackElo "2038"]
[Result "1/2-1/2"]
[Round "02"]
[TimeControl "180+1"]
[Date "2021.10.05"]
[WhiteClock "0:00:06"]
[BlackClock "0:00:10"]

1. d4 Nf6 2. Nf3 d5 3. Bf4 c5 4. e3 Nc6 5. Nc3 a6 6. dxc5 e6 7. Na4 Nd7 8. Nd4 Nxc5 9. Nxc6 bxc6 10. c3 Nxa4 11. Qxa4 Bd7 12. Bd3 c5 13. Qc2 h6 14. c4 Qa5+ 15. Ke2 Be7 16. Rhd1 Bc6 17. Kf1 O-O 18. b3 Bf6 19. Rac1 d4 20. Re1 e5 21. Bg3 Rfe8 22. exd4 exd4 23. f4 Qb6 24. Rxe8+ Rxe8 25. Re1 Rxe1+ 26. Bxe1 Qb7 27. Qd2 Qe7 28. Bg3 Qd8 29. Bf2 Be7 30. Qe2 Bd6 31. Qh5 Qc7 32. f5 Be5 33. Bh4 Qd6 34. g3 Bf6 35. Bxf6 Qxf6 36. Qe2 Bd7 37. Qe4 g6 38. g4 h5 39. Qd5 Be6 40. Qxc5 hxg4 41. Ke2 Bxf5 42. Bxf5 gxf5 43. Kd3 f4 44. Qxd4 Qxd4+ 45. Kxd4 g3 46. hxg3 fxg3 47. Ke3 f5 48. b4 f4+ 49. Kf3 Kf7 50. a4 Ke7 51. a5 Kd7 52. b5 axb5 53. cxb5 Kc7 54. b6+ Kb7 55. Kg2 Ka6 56. Kf3 Kb7 57. Kg2 Ka6 58. Kf3 Kb7 1/2-1/2


[Site "https://www.chess.com"]

[Event "Titled Tuesday Blitz October 5 2021"]
[White "Avramidou, Anastasia"]
[Black "Seliverstov, Vladimir"]
[WhiteFideId "4239873"]
[BlackFideId "4192036"]
[WhiteElo "2183"]
[BlackElo "2489"]
[Result "0-1"]
[Round "02"]
[TimeControl "180+1"]
[Date "2021.10.05"]
[WhiteClock "0:00:05"]
[BlackClock "0:01:21"]

1. d4 Nf6 2. Nf3 g6 3. c4 Bg7 4. Nc3 O-O 5. e4 d6 6. h3 a6 7. g4 c5 8. d5 b5 9. cxb5 axb5 10. Bxb5 Nxe4 11. Nxe4 Qa5+ 12. Nc3 Bxc3+ 13. bxc3 Qxb5 14. Bh6 Re8 15. Rb1 Qc4 16. Nd2 Qxd5 17. O-O Bb7 18. f3 Rxa2 19. Rf2 Nd7 20. c4 Qc6 21. Qb3 Ra7 22. Qc3 f6 23. Qe3 Ne5 24. Bf4 Rea8 25. Bxe5 fxe5 26. Ne4 Qd7 27. Ng3 Qe6 28. h4 Ra3 29. Qe2 Ra1 30. Rff1 Rxb1 31. Rxb1 Bc6 32. Rb6 Qd7 33. h5 Rf8 34. Rb3 Qe6 35. hxg6 hxg6 36. Qc2 Bxf3 37. g5 e4 38. Kh2 Qg4 39. Qf2 Qxg5 40. Rb2 Qh6+ 41. Kg1 Qc1+ 42. Kh2 e3 43. Qc2 Qxc2+ 44. Rxc2 Rf6 45. Rc3 e2 46. Re3 e5 47. Nxe2 Bxe2 48. Rxe2 Rf4 49. Kg3 Rxc4 50. Rd2 Rd4 0-1


[Site "https://www.chess.com"]

[Event "Titled Tuesday Blitz October 5 2021"]
[White "Bodnaruk, Anastasia"]
[Black "Lashkin, Jegor"]
[WhiteFideId "4181751"]
[BlackFideId "13907808"]
[WhiteElo "2406"]
[BlackElo "2293"]
[Result "1/2-1/2"]
[Round "02"]
[TimeControl "180+1"]
[Date "2021.10.05"]
[WhiteClock "0:00:04"]
[BlackClock "0:00:03"]

1. e4 c5 2. Nc3 d6 3. Nge2 Nf6 4. g3 g6 5. Bg2 Bg7 6. d3 O-O 7. O-O Nc6 8. h3 Rb8 9. Be3 b5 10. Qd2 b4 11. Nd1 a5 12. Bh6 e5 13. Bxg7 Kxg7 14. f4 Nd4 15. Ne3 Nxe2+ 16. Qxe2 Nh5 17. Kh2 exf4 18. gxf4 f5 19. Nd5 Be6 20. e5 Qh4 21. Nc7 Nxf4 22. Nxe6+ Nxe6 23. exd6 Nd4 24. Qe5+ Qf6 25. Qxc5 Rbc8 26. Qd5 Rfd8 27. Rf2 Qxd6+ 28. Qxd6 Rxd6 29. Rc1 a4 30. c3 a3 31. c4 Ne6 32. bxa3 bxa3 33. Rc3 Nc5 34. Bd5 Re8 35. Rxa3 Kh6 36. d4 Nd7 37. Rd2 Rd8 38. Bg2 Ne5 39. c5 Rxd4 40. Rxd4 Rxd4 41. Rc3 Rd2 42. c6 Nxc6 43. Rxc6 Rxa2 44. Rc7 Ra4 45. Kg3 Ra3+ 46. Bf3 Rd3 47. Kg2 Rd2+ 48. Kg3 Rd4 49. Be2 Rd6 50. Bc4 Rd8 51. h4 Rh8 52. Be6 Re8 53. Bf7 Rf8 54. Kf4 Kh5 55. Bg8 h6 56. Bf7 Rd8 57. Rb7 Rd4+ 58. Ke5 Rxh4 59. Rb6 Re4+ 60. Kf6 Rg4 61. Ra6 f4 62. Ra5+ Kh4 63. Bxg6 f3 64. Rf5 Kg3 65. Bh5 Rf4 66. Rxf4 Kxf4 67. Bxf3 Kxf3 68. Kg6 Kg4 69. Kxh6 1/2-1/2


[Site "https://www.chess.com"]

[Event "Titled Tuesday Blitz October 5 2021"]
[White "Bortnyk, Olexandr"]
[Black "Baskin, Robert"]
[WhiteFideId "14120828"]
[BlackFideId "24662402"]
[WhiteElo "2723"]
[BlackElo "2521"]
[Result "1-0"]
[Round "02"]
[TimeControl "180+1"]
[Date "2021.10.05"]
[WhiteClock "0:00:47"]
[BlackClock "0:00:06"]

1. e4 c6 2. c4 d5 3. cxd5 cxd5 4. exd5 Nf6 5. Qa4+ Nbd7 6. Nc3 g6 7. Bc4 a6 8. Nf3 Bg7 9. d3 O-O 10. Qa3 Nb6 11. Qb3 Bf5 12. O-O Rc8 13. Re1 Qc7 14. Ne5 Nxc4 15. dxc4 e6 16. Bg5 Nxd5 17. Nxg6 hxg6 18. cxd5 Bxc3 19. bxc3 exd5 20. Qxd5 Be6 21. Qf3 Qxc3 22. Qxb7 Qc6 23. Qb4 Qc4 24. Qd6 Qg4 25. Bh6 Rfd8 26. Qe5 Qd4 27. Qg5 Rc5 28. Qe7 Rcd5 29. h3 R5d7 30. Qa3 Qd3 31. Qa4 Qb5 32. Qh4 Qc4 33. Qf6 Qd4 34. Re5 Qxa1+ 35. Kh2 Qxe5+ 36. Qxe5 f5 37. Qxe6+ Kh7 38. Bg5 1-0


[Site "https://www.chess.com"]

[Event "Titled Tuesday Blitz October 5 2021"]
[White "Bujisho, Benjamin"]
[Black "Sadhwani, Raunak"]
[WhiteFideId "608610"]
[BlackFideId "35093487"]
[WhiteElo "2371"]
[BlackElo "2517"]
[Result "1-0"]
[Round "02"]
[TimeControl "180+1"]
[Date "2021.10.05"]
[WhiteClock "0:00:15"]
[BlackClock "0:00:05"]

1. e4 e5 2. Nc3 Nf6 3. g3 Nc6 4. Bg2 Bc5 5. d3 a6 6. Nge2 d6 7. O-O h5 8. Be3 Bxe3 9. fxe3 h4 10. Nd5 Nxd5 11. exd5 Ne7 12. e4 Ng6 13. Qd2 Qe7 14. c4 hxg3 15. hxg3 Bg4 16. Bf3 Bxf3 17. Rxf3 O-O-O 18. Raf1 f6 19. R3f2 Qd7 20. Rg2 Rh5 21. Kf2 Rdh8 22. Ke1 Qg4 23. Kd1 Rh1 24. Rxh1 Rxh1+ 25. Kc2 b6 26. Rf2 Ne7 27. Qe3 Rh3 28. Qf3 Qxf3 29. Rxf3 Rh2 30. Kd1 Kd7 31. Ke1 Ke8 32. Rf2 Rh1+ 33. Rf1 Rh2 34. Rf2 Rh8 35. Kf1 Rh1+ 36. Ng1 Kf7 37. Kg2 Rh8 38. Nf3 Ke8 39. b4 c6 40. Rc2 Kd7 41. Nh4 Rc8 42. dxc6+ Nxc6 43. a3 Nd4 44. Rc1 Ke6 45. Nf3 Nc6 46. Kf2 Ne7 47. Rh1 b5 48. Rc1 Kd7 49. Nd2 d5 50. exd5 Nxd5 51. Ne4 Ke7 52. Nc5 Nb6 53. Nxa6 bxc4 54. dxc4 Rxc4 55. Rxc4 Nxc4 56. a4 Kd6 57. Nc5 f5 58. a5 Nxa5 59. Ne4+ Kc6 60. bxa5 Kb5 61. Nd6+ Kxa5 62. Nxf5 1-0


[Site "https://www.chess.com"]

[Event "Titled Tuesday Blitz October 5 2021"]
[White "Bures, Vit"]
[Black "Gorin, Leonid"]
[WhiteFideId "309052"]
[BlackFideId "4131991"]
[WhiteElo "2132"]
[BlackElo "2363"]
[Result "0-1"]
[Round "02"]
[TimeControl "180+1"]
[Date "2021.10.05"]
[WhiteClock "0:00:49"]
[BlackClock "0:01:07"]

1. d4 Nf6 2. c4 e6 3. Nc3 Bb4 4. e3 b6 5. Ne2 Ba6 6. Ng3 h5 7. Bd3 Bb7 8. O-O h4 9. Nge2 h3 10. g3 Bf3 11. Qc2 Bxc3 12. Nxc3 Nc6 13. a3 d6 14. b4 e5 15. d5 Ne7 16. e4 Qd7 17. c5 Qg4 18. cxd6 cxd6 19. Bb5+ Kf8 20. Re1 Rc8 21. Bd2 Bxe4 22. Rxe4 Rxc3 23. Qxc3 Qxe4 24. Bf1 Nfxd5 25. Qc1 f6 26. Qd1 Kf7 27. Qg4 Qxg4 0-1


[Site "https://www.chess.com"]

[Event "Titled Tuesday Blitz October 5 2021"]
[White "Coto Mederos, Michel"]
[Black "Warmerdam, Max"]
[WhiteFideId "3508528"]
[BlackFideId "1048104"]
[WhiteElo "2427"]
[BlackElo "2537"]
[Result "0-1"]
[Round "02"]
[TimeControl "180+1"]
[Date "2021.10.05"]
[WhiteClock "0:00:16"]
[BlackClock "0:00:59"]

1. c4 e6 2. Nc3 d5 3. d4 a6 4. cxd5 exd5 5. Nf3 c6 6. Bg5 Be7 7. Bxe7 Qxe7 8. e3 Bf5 9. Bd3 Bxd3 10. Qxd3 Nf6 11. O-O Nbd7 12. Rab1 a5 13. Rfc1 O-O 14. Nd2 Rfe8 15. Na4 g6 16. a3 h5 17. h3 h4 18. Nc5 Nxc5 19. Rxc5 a4 20. Re1 Ra6 21. f3 Nh5 22. Rcc1 Rb6 23. Qc2 Qg5 24. Nf1 Rb3 25. Rcd1 Re6 26. Rd3 Qf5 27. Rd2 Qf6 28. Rd3 Rb5 29. e4 Nf4 30. Rd2 Qg5 31. Kh2 Rb3 32. Rf2 Nd3 33. Rfe2 Nxe1 34. Rxe1 Qf6 35. Qd2 Kg7 36. Kh1 dxe4 37. fxe4 g5 38. Nh2 Qf4 39. Qc2 Re3 40. Rxe3 Qxe3 41. Nf3 Rxe4 42. Qxa4 Qc1+ 43. Kh2 Qf4+ 44. Kh1 Re2 45. Qb3 Qg3 0-1


[Site "https://www.chess.com"]

[Event "Titled Tuesday Blitz October 5 2021"]
[White "Csonka, Balazs"]
[Black "Fernandez Hernandez, Arturo A."]
[WhiteFideId "742910"]
[BlackFideId "3509230"]
[WhiteElo "2404"]
[BlackElo "2400"]
[Result "0-1"]
[Round "02"]
[TimeControl "180+1"]
[Date "2021.10.05"]
[WhiteClock "0:00:01"]
[BlackClock "0:00:25"]

1. d4 f5 2. Bf4 e6 3. e3 Nf6 4. Nf3 b6 5. h3 Bd6 6. Ne5 Bb7 7. Nc3 Nc6 8. Rg1 Bb4 9. a3 Bxc3+ 10. bxc3 Nxe5 11. Bxe5 O-O 12. g4 fxg4 13. hxg4 Ne4 14. Bg3 Nxg3 15. Rxg3 Rxf2 16. Kxf2 Qh4 17. Bg2 Rf8+ 18. Bf3 Rxf3+ 19. Qxf3 Bxf3 20. Kxf3 Qh2 21. Rg2 Qd6 22. Rf2 Qc6+ 23. Kg3 Qxc3 24. Raf1 h6 25. Rf3 Qxa3 26. Rf7 Qxe3+ 27. R1f3 Qg1+ 28. Kh3 Qxd4 29. Kh4 a5 30. Kh5 Qe5+ 31. Kh4 Qh2+ 32. Rh3 Qxh3+ 33. Kxh3 Kxf7 0-1


[Site "https://www.chess.com"]